 Dungeon Crawl Stone Soup version 0.27-a0-393-gba1aca71f1 (webtiles) character file.

Game seed: 11219167297569029943

96247 ReteAZ the Arsonist (level 15, 0/126 HPs)
             Began as a Demigod Fire Elementalist on Feb 19, 2021.
             Drowned by a drowned soul (14 damage)
             ... summoned by a merfolk avatar
             ... on level 3 of the Shoals on Feb 20, 2021.
             The game lasted 01:34:05 (41896 turns).

ReteAZ the Arsonist (Demigod Fire Elementalist)    Turns: 41896, Time: 01:34:06

Health: 0/126      AC: 11    Str: 13    XL:     15   Next: 25%
Magic:  3/32       EV: 22    Int: 36    God:
Gold:   484        SH: 12    Dex: 17    Spells: 7/32 levels left

rFire    + + +     SeeInvis .   y - +6 trident "ReteAZ's Death" {vorpal, rPois rF+ Int+3 Dex+3}
rCold    + . .     Faith    .   M - +2 kite shield {reflect}
rNeg     . . .     Spirit   .   r - +2 robe {rC+ rF+}
rPois    +         Reflect  +   I - +0 helmet
rElec    +         Harm     .   l - +0 cloak
rCorr    .         Rampage  +   e - +1 pair of gloves
Will     ++...                  L - +2 pair of boots {rampage}
Stlth    +.........             i - amulet of Attitude {+Blink rElec Will+ Regen+}
HPRegen  1.31/turn              J - ring of protection from fire
MPRegen  0.23/turn              p - +4 ring of evasion

@: mesmerised, very slow
A: high mp 1
a: Evoke Blink


You were on level 3 of the Shoals.
You visited 4 branches of the dungeon, and saw 23 of its levels.
You also visited: Volcano.

You collected 2291 gold pieces.
You spent 1807 gold pieces at shops.

Inventory:

Hand Weapons
 a - a +2 eveningstar of flaming
 j - a +4 scimitar of flaming
 y - the +6 trident "ReteAZ's Death" (weapon) {vorpal, rPois rF+ Int+3 Dex+3}
   (You found it on level 4 of the Lair of Beasts)

   It inflicts extra damage upon your enemies.
   It affects your intelligence (+3).
   It affects your dexterity (+3).
   It protects you from fire.
   It protects you from poison.
 D - a +0 eveningstar of flaming
 O - a +5 rapier of speed
Missiles
 B - 8 throwing nets
 G - 23 silver javelins
 K - 47 poisoned darts
Armour
 e - a +1 pair of gloves (worn)
 l - a +0 cloak (worn)
 r - a +2 robe of resistance (worn)
 I - a +0 helmet (worn)
 L - a +2 pair of boots of rampaging (worn)
 M - a +2 kite shield of reflection (worn)
Jewellery
 f - a ring of protection from cold
 i - the amulet of Attitude (around neck) {+Blink rElec Will+ Regen+}
   (You bought it in a shop on level 2 of the Orcish Mines)

   [amulet of regeneration]

   It insulates you from electricity.
   It affects your willpower, your defense against some magical effects.
   It lets you blink.
   It increases your rate of regeneration.
 k - a ring of fire {unknown}
 p - a +4 ring of evasion (right hand)
 J - a ring of protection from fire (left hand)
Wands
 s - a wand of random effects (27)
 u - a wand of polymorph (10)
 z - a wand of mindburst (24)
 N - a wand of iceblast (11)
 R - a wand of paralysis (30)
 Y - a wand of acid (2)
Scrolls
 b - 7 scrolls of identify
 d - 6 scrolls of amnesia
 h - 6 scrolls of enchant armour
 n - 9 scrolls of teleportation
 q - 6 scrolls of immolation
 v - 2 scrolls of fear
 w - 2 scrolls of magic mapping
 x - 2 scrolls of fog
 F - a scroll of blinking
 P - 3 scrolls of enchant weapon
 Q - 3 scrolls of summoning
 Z - a scroll of vulnerability
Potions
 c - 8 potions of curing
 g - 7 potions of lignification
 m - 4 potions of invisibility
 o - 2 potions of brilliance
 t - 2 potions of mutation
 A - 2 potions of resistance
 E - 3 potions of might
 H - a potion of haste
 T - 4 potions of flight
 U - 2 potions of berserk rage
 V - 2 potions of attraction
 X - a potion of cancellation
Miscellaneous
 C - a condenser vane


   Skills:
 - Level 10.0 Fighting
 - Level 10.0 Dodging
 - Level 1.7 Stealth
 + Level 7.6 Shields
 - Level 9.0 Spellcasting
 - Level 10.2 Conjurations
 - Level 13.0 Fire Magic
 - Level 10.0 Ice Magic


You had 7 spell levels left.
You knew the following spells:

 Your Spells              Type           Power        Failure   Level
a - Foxfire               Conj/Fire      100%         1%          1
b - Sticky Flame          Conj/Fire      79%          1%          4
c - Fireball              Conj/Fire      39%          1%          5
d - Frozen Ramparts       Ice            100%         1%          3
e - Bolt of Magma         Conj/Fire/Erth 32%          8%          5
f - Ozocubu's Refrigerat  Ice            36%          67%         7

Your spell library contained the following spells:

 Spells                   Type           Power        Failure   Level
 Freeze                   Ice            100%         1%          1
 Ensorcelled Hibernation  Hex/Ice        100%         1%          2
 Conjure Flame            Conj/Fire      79%          1%          3
 Inner Flame              Hex/Fire       58%          1%          3
 Ozocubu's Armour         Ice            73%          1%          3
 Hailstorm                Conj/Ice       73%          1%          4
 Dazzling Flash           Conj/Hex       100%         2%          3
 Static Discharge         Conj/Air       52%          2%          3
 Ignite Poison            Fire/Tmut/Pois 47%          3%          3
 Animate Skeleton         Necr           32%          7%          1
 Beastly Appendage        Tmut           32%          7%          1
 Corona                   Hex            17%          7%          1
 Pain                     Necr           64%          7%          1
 Sandblast                Erth           32%          7%          1
 Ice Form                 Ice/Tmut       51%          9%          4
 Summon Ice Beast         Ice/Summ       51%          9%          4
 Starburst                Conj/Fire      39%          9%          6
 Passwall                 Tmut/Erth      13%          10%         2
 Slow                     Hex            16%          10%         2
 Swiftness                Air            16%          10%         2
 Wereblood                Tmut           16%          10%         2
 Confusing Touch          Hex            16%          21%         3
 Gell's Gravitas          Tloc           8%           21%         3
 Portal Projectile        Hex/Tloc       32%          21%         3
 Spider Form              Tmut/Pois      8%           21%         3
 Tukima's Dance           Hex            16%          21%         3
 Vampiric Draining        Necr           8%           21%         3
 Lightning Bolt           Conj/Air       26%          22%         5
 Metabolic Englaciation   Hex/Ice        25%          24%         5
 Animate Dead             Necr           8%           54%         4
 Cause Fear               Hex            8%           54%         4
 Leda's Liquefaction      Hex/Erth       8%           54%         4
 Petrify                  Tmut/Erth      16%          54%         4
 Freezing Cloud           Conj/Ice/Air   30%          54%         6
 Conjure Ball Lightning   Conj/Air       26%          77%         6
 Simulacrum               Ice/Necr       25%          78%         6
 Agony                    Necr           16%          88%         5
 Blade Hands              Tmut           8%           88%         5
 Silence                  Hex/Air        8%           88%         5
 Yara's Violent Unravell  Hex/Tmut       8%           88%         5
 Ignition                 Fire           41%          91%         8
 Discord                  Hex            8%           100%        8
 Shatter                  Erth           8%           100%        9
 Tornado                  Air            8%           100%        9


Dungeon Overview and Level Annotations

Branches:
Dungeon (12/15)            Temple (0/1) D:7            Lair (6/6) D:10
 Shoals (3/4) Lair:3        Snake (0/4) Lair:4        Slime (0/5) Lair:6
    Orc (2/2) D:9             Elf (0/3) Orc:2       Volcano (visited)

Shops:
D:12 :   Orc:2 =:(!=[

Annotations:
D:5 1 runed translucent door, Crazy Yiuf
D:10 2 transporters
D:11 3 runed translucent doors, Xisofi's ghost, journeyman GrEE
Lair:4 2 transporters, Qieg's ghost, journeyman MiFi
Lair:6 1 runed translucent door, Bybenepn's ghost, adept HuAr
Shoals:1 3 runed translucent doors, Dienesei's ghost, adept MiBe; Enucirho's ghost, adept HaHu; Roxanne


Innate Abilities, Weirdness & Mutations

You have an increased reservoir of magic. (+10% MP)


Message History

The drowned soul touches you. The drowned soul drowns you!
* * * LOW HITPOINT WARNING * * *
Your unstable footing causes you to fumble your attack.
The merfolk avatar chants its luring song.
You block the drowned soul's attack.
You miss the merfolk avatar.
The merfolk avatar is almost dead.
The merfolk avatar chants its luring song.
You block the drowned soul's attack.
The merfolk avatar chants a haunting song.
You closely miss the merfolk avatar.
The merfolk avatar is severely wounded.
The drowned soul touches you. The drowned soul drowns you!
* * * LOW HITPOINT WARNING * * *
The merfolk avatar chants its luring song. x2
You block the drowned soul's attack.
Aiming: Corrosive Bolt
Press: ? - help, Shift-Dir - straight line, f/p - merfolk avatar
Aim: a merfolk avatar (water, severely wounded, mesmerising, 36% to evade)
The bolt of acid hits the merfolk avatar!
The merfolk avatar is splashed with acid.
The acid corrodes the merfolk avatar!
The merfolk avatar is almost dead.
The bolt of acid hits the drowned soul!
The drowned soul is splashed with acid!
You destroy the drowned soul!
The drowned soul touches you. The drowned soul drowns you!
* * * LOW HITPOINT WARNING * * *
The merfolk avatar chants its luring song.
The drowned soul touches you. The drowned soul drowns you!
* * * LOW HITPOINT WARNING * * *
The merfolk avatar chants its luring song.
You feel better.
The merfolk avatar chants its luring song. x2
As you read the scroll of fear, it crumbles to dust.
You assume a fearsome visage.
The drowned soul is unaffected.
The merfolk avatar resists with almost no effort.
The drowned soul is unaffected. x2
The merfolk avatar resists with almost no effort.
The drowned soul touches you. The drowned soul drowns you!
You die...

##..≈≈≈≈≈W≈....
....≈≈≈≈≈≈≈≈≈≈≈≈≈≈≈≈≈≈≈≈
≈≈..≈≈≈≈≈≈≈≈≈≈≈≈≈≈≈≈≈≈≈≈
≈≈≈≈≈≈≈≈≈≈≈≈≈≈≈≈≈≈≈≈≈≈≈≈
≈≈≈≈≈≈m≈≈≈W≈≈≈≈≈≈≈≈≈≈≈≈≈
≈≈..≈≈W≈≈≈..≈≈≈.≈≈≈≈≈≈≈≈
≈≈≈.≈≈≈m≈...≈≈...≈≈≈≈≈≈≈
≈≈≈≈≈≈≈@...#......≈..≈≈≈
≈≈≈≈≈≈≈...##.........<.≈
≈≈≈≈≈≈≈.†.............≈≈
≈≈≈≈≈≈≈≈≈))####..###....
≈≈≈≈≈≈≈≈≈≈.# ##.###....
. ≈≈≈≈≈≈≈≈≈≈.#
##..##..... ##....
≈≈.##.≈≈≈≈.###........≈≈
......
≈.##..≈≈≈≈[.#.......)≈≈≈
......
....≈≈≈.......≈≈...≈≈≈


You could see 2 merfolk avatars and 3 drowned souls.

Vanquished Creatures
  A merfolk javelineer (Shoals:3)
  2 merfolk impalers (Shoals:1)
  8 hydras
  An alligator snapping turtle (Shoals:2)
  2 boulder beetles
  Erica (Orc:1)
  A merfolk aquamancer (Shoals:1)
  3 catoblepae
  3 two-headed ogres
  5 death yaks (Lair:6)
  5 orc high priests (Orc:2)
  A deep troll shaman (Lair:6)
  4 skeletal warriors (D:11)
  7 sea snakes
  An unseen horror (D:11)
  8 orc knights
  8 harpies (Shoals:1)
  9 manticores
  2 ugly things (D:11)
  5 fauns
  23 elephants
  6 cyclopes
  4 orc sorcerers
  Maurice (D:8)
  A salamander (shapeshifter) (D:11)
  6 merfolk sirens
  Maggie (D:7)
  A water nymph (Shoals:2)
  2 centaur zombies
  A gargoyle (D:11)
  6 black mambas
  A smoke demon (Volcano)
  8 cane toads
  4 rime drakes
  A komodo dragon (Lair:1)
  A freezing wraith (D:11)
  14 merfolk
  2 red devils (Volcano)
  7 trolls
  16 blink frogs
  2 wind drakes
  2 hornets
  2 polar bears (Lair:6)
  2 snapping turtles
  6 slime creatures
  A meliai zombie (D:12)
  2 vampires
  6 water elementals
  Eustachio (D:5)
  33 yaks
  6 basilisks
  A wyvern (Lair:6)
  2 wargs
  3 nagas (Lair:4)
  5 soldier ants (Lair:2)
  18 water moccasins
  2 hell hounds (Volcano)
  6 ice beasts
  3 sky beasts
  40 orc warriors
  8 ogres
  17 wolves
  4 black bears
  15 centaurs
  3 phantoms
  2 wyvern zombies (D:12)
  A kobold brigand (D:9)
  Blork the orc (D:5)
  12 bullfrogs
  A wyvern skeleton (D:12)
  4 scorpions
  A killer bee (D:11)
  8 wights
  A howler monkey (D:8)
  5 electric eels
  A quasit (D:9)
  2 bullfrog zombies
  8 hounds
  2 centaur skeletons
  4 jellies
  37 orc priests
  2 gnoll shamans
  6 iguanas
  16 worker ants
  Ijyb (D:4)
  16 orc wizards
  A hound zombie (D:11)
  2 hound skeletons
  A worker ant zombie (D:10)
  10 gnolls
  12 adders
  A shadow imp (D:10)
  2 white imps
  2 oozes (D:4)
  An adder skeleton (D:6)
  2 adder zombies
  5 worms
  3 dart slugs
  9 leopard geckos
  112 orcs
  2 ball pythons
  9 bats
  A giant cockroach (D:2)
  11 goblins
  3 hobgoblins
  8 jackals
  6 quokkas
  A ball python skeleton (D:4)
  9 frilled lizards
  11 kobolds
  A leopard gecko zombie (D:4)
  10 rats
739 creatures vanquished.

Vanquished Creatures (collateral kills)
  31 foxfires
31 creatures vanquished.

Vanquished Creatures (others)
  A cyclops (D:12)
  A jelly (D:12)
  A bullfrog skeleton (D:12)
  An orc wizard (D:12)
  An orc (D:12)
  A bush (Lair:6)
  3737 foxfires
  66 fungi
  151 plants
  5 withered plants (Shoals:1)
3965 creatures vanquished.

Grand Total: 4735 creatures vanquished

Notes
Turn   | Place    | Note
-------+----------+-------------------------------------------
     0 | D:1      | ReteAZ the Demigod Fire Elementalist began the quest for
                  | the Orb.
     0 | D:1      | Reached XP level 1. HP: 14/14 MP: 5/5
    12 | D:1      | Reached skill level 1 in Conjurations
   399 | D:1      | Reached skill level 3 in Fire Magic
   679 | D:1      | Reached XP level 2. HP: 20/20 MP: 4/7
  1059 | D:1      | Found an iron altar of Okawaru.
  1624 | D:2      | Reached XP level 3. HP: 26/26 MP: 6/8
  2341 | D:2      | Reached XP level 4. HP: 33/33 MP: 7/10
  2621 | D:3      | Found a sparkling altar of Nemelex Xobeh.
  2849 | D:3      | Reached skill level 4 in Fire Magic
  3731 | D:4      | Reached XP level 5. HP: 38/38 MP: 8/11
  4329 | D:4      | Noticed Ijyb
  4344 | D:4      | Killed Ijyb
  4412 | D:4      | Reached XP level 6. HP: 44/45 MP: 2/13
  4503 | D:4      | Found a snail-covered altar of Cheibriados.
  4708 | D:4      | Reached skill level 5 in Fire Magic
  5026 | D:5      | Entered Level 5 of the Dungeon
  5606 | D:5      | Noticed Eustachio
  5859 | D:5      | Found a runed translucent door.
  5860 | D:5      | Noticed Crazy Yiuf
  6238 | D:5      | Learned a level 4 spell: Sticky Flame
  6545 | D:5      | Reached skill level 6 in Fire Magic
  6545 | D:5      | Reached XP level 7. HP: 42/45 MP: 10/16
  6549 | D:5      | Noticed Blork the orc
  6554 | D:5      | Killed Blork the orc
  6709 | D:5      | Killed Eustachio
  7039 | D:6      | Reached skill level 7 in Fire Magic
  7695 | D:6      | Found a glowing golden altar of the Shining One.
  7752 | D:6      | Reached XP level 8. HP: 44/57 MP: 11/18
  8184 | D:6      | Reached skill level 5 in Spellcasting
  8403 | D:7      | Reached skill level 8 in Fire Magic
  8560 | D:7      | Noticed Maggie
  8646 | D:7      | Killed Maggie
  8647 | D:7      | Reached skill level 9 in Fire Magic
  9078 | D:7      | Found a staircase to the Ecumenical Temple.
  9093 | D:7      | Reached skill level 10 in Fire Magic
  9093 | D:7      | Reached XP level 9. HP: 62/62 MP: 14/20
 10055 | D:8      | Noticed Maurice
 10069 | D:8      | Killed Maurice
 10070 | D:8      | Reached skill level 11 in Fire Magic
 10406 | D:8      | Paralysed by a hornet for 2 turns
 10830 | D:8      | Reached skill level 1 in Fighting
 11097 | D:9      | Reached skill level 12 in Fire Magic
 11153 | D:9      | Found a flagged portal.
 11339 | D:9      | Found a transporter.
 11377 | D:9      | Found a transporter.
 11379 | D:9      | Noticed a boulder beetle
 11507 | D:9      | Reached XP level 10. HP: 73/77 MP: 15/21
 11558 | D:9      | Found a broken altar of Ashenzari.
 11742 | D:9      | Found a blossoming altar of Fedhas.
 12851 | D:9      | Found a staircase to the Orcish Mines.
 13061 | D:9      | Reached skill level 5 in Fighting
 13391 | D:10     | Entered Level 10 of the Dungeon
 14284 | D:10     | Learned a level 5 spell: Fireball
 14765 | D:10     | Found a staircase to the Lair.
 14780 | D:10     | Found a transporter.
 14782 | D:10     | Noticed a cyclops
 14783 | D:10     | Noticed an ogre mage
 14783 | D:10     | Noticed a two-headed ogre
 15166 | D:11     | Noticed a six-headed hydra
 15215 | D:10     | Learned a level 3 spell: Frozen Ramparts
 15216 | Lair:1   | Entered Level 1 of the Lair of Beasts
 15303 | Lair:1   | Noticed a five-headed hydra
 15316 | Lair:1   | Killed a five-headed hydra
 15317 | Lair:1   | Reached skill level 1 in Ice Magic
 15450 | Lair:1   | Noticed a five-headed hydra
 15473 | Lair:1   | Killed a five-headed hydra
 15474 | Lair:1   | Reached XP level 11. HP: 41/95 MP: 16/22
 15619 | Lair:1   | Found a dark tunnel.
 15625 | Volcano  | Entered a volcano
 16539 | Lair:1   | Reached skill level 5 in Conjurations
 16577 | Lair:1   | Noticed a four-headed hydra
 16588 | Lair:1   | Killed a four-headed hydra
 16854 | Lair:1   | Found an ancient bone altar of Kikubaaqudgha.
 18152 | Lair:2   | Reached skill level 5 in Ice Magic
 18993 | Lair:2   | Noticed an eight-headed hydra
 19002 | Lair:2   | Killed an eight-headed hydra
 19656 | Lair:3   | Reached skill level 10 in Fighting
 20077 | Lair:3   | Noticed a catoblepas
 20085 | Lair:3   | Killed a catoblepas
 20338 | Lair:3   | Reached XP level 12. HP: 81/106 MP: 13/23
 20505 | Lair:3   | Found a staircase to the Shoals.
 20769 | Lair:4   | Found a transporter.
 20770 | Lair:4   | Found a bloodstained altar of Trog.
 20772 | Lair:4   | Noticed Qieg's ghost (journeyman MiFi)
 20776 | Lair:4   | Found a transporter.
 20782 | Lair:4   | You fall into a shaft and drop 2 floors!
 20782 | Lair:6   | Entered Level 6 of the Lair of Beasts
 21176 | Lair:4   | Identified the +1 spear "Tunkisir" {vorpal, +Rage Int+2
                  | Dex+4}
 21176 | Lair:4   | Identified the +1 trident of Womad {flame, +Fly rPois
                  | Str-3}
 21667 | Lair:4   | Identified the +7 morningstar of Motro {antimagic, rN+
                  | Will+++}
 22164 | Lair:4   | Found a staircase to the Snake Pit.
 22220 | Lair:4   | Got a steaming trident
 22221 | Lair:4   | Identified the +6 trident "ReteAZ's Death" {vorpal, rPois
                  | rF+ Int+3 Dex+3} (You found it on level 4 of the Lair of
                  | Beasts)
 22418 | Lair:4   | Reached skill level 10 in Conjurations
 23048 | Lair:5   | Noticed a six-headed hydra
 23055 | Lair:5   | Killed a six-headed hydra
 24939 | Lair:6   | Noticed an eight-headed hydra
 24948 | Lair:6   | Killed an eight-headed hydra
 25187 | Lair:6   | Reached XP level 13. HP: 77/113 MP: 22/29
 25821 | Lair:6   | Found a runed translucent door.
 25821 | Lair:6   | Noticed Bybenepn's ghost (adept HuAr)
 26801 | Lair:6   | Reached skill level 5 in Dodging
 27517 | Lair:6   | Found a viscous altar of Jiyva.
 27517 | Lair:6   | Found a staircase to the Slime Pits.
 28823 | Orc:1    | Entered Level 1 of the Orcish Mines
 30236 | Orc:2    | Entered Level 2 of the Orcish Mines
 31873 | Orc:1    | Noticed Erica
 31884 | Orc:1    | Killed Erica
 32289 | Orc:2    | Found a staircase to the Elven Halls.
 32305 | Orc:2    | Found Rilloriv's Antique Armour Boutique.
 32384 | Orc:2    | Reached XP level 14. HP: 79/121 MP: 3/31
 33095 | Orc:2    | Found Fefepn's Jewellery Shop.
 33190 | Orc:2    | Bought the amulet of Attitude {+Blink rElec Will+ Regen+}
                  | for 962 gold pieces
 33464 | Orc:2    | Reached skill level 10 in Dodging
 34586 | Orc:2    | Found Noape's Distillery.
 34586 | Orc:2    | Found Ykhla's Antique Weapon Shoppe.
 34587 | Orc:2    | Found Efuttet's Book Emporium.
 34587 | Orc:2    | Found Susiaseg's Jewellery Shoppe.
 34602 | Orc:2    | Bought a book of Ice for 845 gold pieces
 34740 | D:11     | Found a bloodstained altar of Trog.
 34752 | D:11     | Noticed Xisofi's ghost (journeyman GrEE)
 34753 | D:11     | Found a runed translucent gate.
 34753 | D:11     | Found a runed translucent gate.
 34753 | D:11     | Found a runed translucent gate.
 35082 | D:11     | Reached skill level 13 in Fire Magic
 35092 | D:11     | Found a glowing silver altar of Zin.
 35478 | D:11     | Found a blossoming altar of Fedhas.
 35478 | D:11     | Found a shimmering altar of Xom.
 35489 | D:11     | Found an opulent altar of Gozag.
 35489 | D:11     | Found a shadowy altar of Dithmenos.
 35497 | D:11     | Upgraded the game from 0.27-a0-385-g3208abaabc to
                  | 0.27-a0-393-gba1aca71f1
 36171 | D:11     | Identified Wepoh's Catalogue of the Rocks and the Birds
 36179 | D:11     | Learned a level 5 spell: Bolt of Magma
 37403 | D:12     | Found a shimmering altar of Xom.
 37935 | D:12     | Found Coakuris's Book Boutique.
 38195 | D:10     | Found a roughly hewn altar of Beogh.
 38195 | D:10     | Found a transporter.
 38311 | Shoals:1 | Entered Level 1 of the Shoals
 38550 | Shoals:1 | Learned a level 7 spell: Ozocubu's Refrigeration
 38858 | Shoals:1 | Reached skill level 1 in Shields
 38903 | Shoals:1 | Found a runed translucent gate.
 38903 | Shoals:1 | Found a runed translucent gate.
 38903 | Shoals:1 | Found a runed translucent gate.
 38907 | Shoals:1 | Noticed Dienesei's ghost (adept MiBe)
 38907 | Shoals:1 | Noticed Enucirho's ghost (adept HaHu)
 38907 | Shoals:1 | Noticed Enucirho's ghost (adept HaHu)
 38927 | Shoals:1 | Reached skill level 10 in Ice Magic
 39410 | Shoals:1 | Noticed Roxanne
 39947 | Shoals:2 | Reached XP level 15. HP: 82/126 MP: 23/32
 39958 | Shoals:1 | Reached skill level 5 in Shields
 41894 | Shoals:3 | HP: 3/126 [drowned by a drowned soul[a merfolk avatar]
                  | (15)]
 41896 | Shoals:3 | Drowned by a drowned soul

Illustrated notes

Levels and vault maps discovered:
D:1:      heliophobic_arrival_henge, layout_basic, okawaru_ov_weapons_minmay
D:2:      layout_basic
D:3:      layout_loops_ring, lemuel_round_altar
D:4:      minmay_clustersquares, layout_gridville,
          chequers_serial_rivers_small_a, kennysheep_slug_shrine, uniq_ijyb
D:5:      layout_gridville, uniq_crazy_yiuf_cottage, uniq_eustachio,
          uniq_blork_the_orc
D:6:      layout_basic, cheibrodos_sewer_entry_bend, basic_altar
D:7:      layout_rooms, minmay_temple_entry_butterflies, uniq_maggie
D:8:      minmay_angry_zag, layout_rooms, dk_rats_in_the_wall, uniq_maurice
D:9:      gammafunk_boulding_lane, layout_basic, fedhas_altar_3,
          hiddenorc2_lemuel, basic_altar, enter_bailey_3
D:10:     gammafunk_beogh_shrine, layout_irregular_city, erik_lair_island
D:11:     minmay_the_grid_octo_2x2 [minmay_the_grid_octo_focus,
          minmay_the_grid_octo_shrine, minmay_the_grid_octo_concentric,
          minmay_the_grid_octo_prize_single_spiral], layout_irregular_city,
          basic_altar, gammafunk_ghost_split, hangedman_decor_growths,
          lemuel_tele_altar
D:12:     layout_cave_pools, serial_shops, nicolae_shop_waterfront, drop_trap,
          amcnicky_mini_corridor_feature, xom_confusion_cloud
Lair:1:   layout_layer_cave, nicolae_volcano_entry_hallway, basic_altar
Lair:2:   layout_long_grid, wad_woods_antlair
Lair:3:   layout_chaotic_city, elwin_shoals_entry_stream
Lair:4:   layout_roguey, guppyfry_snake_entry_garden,
          gammafunk_ghost_wrathful_warriors, serial_bayou_crossing
Lair:5:   layout_loops_ring
Lair:6:   grunt_lair_end_beastmaster, layout_regular_city,
          dpeg_slime_entry_enclosed_altar, hellmonk_ghost_happy_afterlife,
          serial_bayou_lake_a, grunt_megastairs_2
Shoals:1: layout_shoals, gammafunk_ghost_cemetery, argonaut_gorgonesque,
          uniq_roxanne
Shoals:2: layout_shoals
Shoals:3: layout_shoals, minmay_shop_mayhem, nicolae_shoals_aquamancer_cove
Orc:1:    layout_diamond_mine, uniq_erica
Orc:2:    st_orc_pillars, layout_caves, serial_shops, nicolae_shop_behind_doors,
          nicolae_shop_crystal

Skill      XL: |  1  2  3  4  5  6  7  8  9 10 11 12 13 14 15 |
---------------+----------------------------------------------+-----
Conjurations   | 1 2 3 4 7 10 | 10.2
Fire Magic     | 3 4 6 7 10 12 13 | 13.0
Spellcasting   | 2 3 4 5 7 9 |  9.0
Fighting       | 3 8 10 | 10.0
Ice Magic      | 2 6 10 | 10.0
Dodging        | 9 10 | 10.0
Shields        | 4 7 |  7.6
Stealth        | |  1.7

Action                   |  1- 3 |  4- 6 |  7- 9 | 10-12 | 13-15 || total
-------------------------+-------+-------+-------+-------+-------++-------
Melee: Spear             |    19 |    14 |       |       |       ||    33
       Hand axe          |       |    14 |     2 |       |       ||    16
       Rapier            |       |       |   145 |   127 |       ||   272
       Eveningstar       |       |       |       |   104 |       ||   104
       Trident           |       |       |       |    76 |   424 ||   500
       Staff             |       |       |       |     3 |       ||     3
Throw: Throwing net      |       |       |       |     4 |       ||     4
 Cast: Foxfire           |   102 |   221 |   334 |   780 |   854 ||  2291
       Sticky Flame      |       |       |    11 |    45 |   121 ||   177
       Frozen Ramparts   |       |       |       |    27 |    39 ||    66
       Fireball          |       |       |       |     6 |    86 ||    92
       Bolt of Magma     |       |       |       |       |    48 ||    48
Evoke: Wand              |       |       |       |    10 |    10 ||    20
       Condenser vane    |       |       |       |       |     1 ||     1
  Use: Scroll            |       |       |     5 |    21 |     5 ||    31
       Potion            |       |       |       |     3 |     5 ||     8
 Stab: Sleeping          |       |     1 |       |       |     1 ||     2
       Petrified         |       |       |       |       |     3 ||     3
Armor: Robe              |    11 |    41 |    41 |       |    55 ||   148
       Steam dragon scal |       |       |    58 |   179 |   114 ||   351
Dodge: Dodged            |    26 |    96 |   166 |   352 |   870 ||  1510
Block: Kite shield       |       |       |       |       |   118 ||   118
       Reflection        |       |       |       |       |    11 ||    11

Table legend: (Time is in decaauts)
 A = Elapsed time spent in this place.
 B = Non-inter-level travel time spent in this place.
 C = Inter-level travel time spent in this place.
 D = Time resting spent in this place.
 E = Time spent auto-exploring this place.
 F = Levels seen in this place.
 G = Mean time per level.
                   A        B        C        D        E       F      G
               +--------+--------+--------+--------+--------+-----+--------+
         Total |  42468 |  40789 |   1679 |   9646 |  22611 |  24 | 1769.5 |
       Dungeon |  19682 |  18824 |    858 |   3128 |  12148 |  12 | 1640.2 |
          Lair |  13073 |  12633 |    440 |   2792 |   7396 |   6 | 2178.8 |
        Shoals |   3675 |   3421 |    254 |   1202 |   1123 |   3 | 1225.0 |
  Orcish Mines |   5273 |   5148 |    125 |   2063 |   1943 |   2 | 2636.5 |
       Volcano |    763 |    763 |      0 |    461 |      0 |   1 |  763.0 |
               +--------+--------+--------+--------+--------+-----+--------+

Top non-repeatable levels by time:
  Lair:6: 3740 daAuts
     D:9: 3433 daAuts
   Orc:2: 2927 daAuts
    D:11: 2429 daAuts
   Orc:1: 2346 daAuts
  Lair:5: 2271 daAuts
Shoals:1: 2151 daAuts
  Lair:4: 1973 daAuts
  Lair:2: 1960 daAuts
     D:5: 1801 daAuts
  Lair:1: 1727 daAuts
     D:4: 1683 daAuts
    D:10: 1639 daAuts
     D:6: 1494 daAuts
  Lair:3: 1400 daAuts
